 Dungeon Crawl Stone Soup version 0.30.0 (webtiles) character file.

Game seed: 13823638748545358876

8 Dani the Trooper (level 2, 24/24 HPs)
             Began as a Demonspawn Fighter on May 20, 2023.
             Quit the game on level 1 of the Dungeon.
             The game lasted 00:00:58 (283 turns).

Dani the Trooper (Demonspawn Fighter)                Turns: 283, Time: 00:00:59

Health: 24/24      AC: 15    Str: 16    XL:     2   Next: 0%
Magic:  2/2        EV:  8    Int:  9    God:
Gold:   9          SH:  4    Dex: 12    Spells: 1/1 levels left

rFire   . . .        a - +0 war axe (protect)
rCold   . . .        c - +0 buckler
rNeg    . . .        b - +0 scale mail
rPois   .            (no helmet)
rElec   .            (no cloak)
rCorr   .            (no gloves)
SInv    .            (no boots)
Will    .....        y - amulet of regeneration Stlth
                     (no ring)
HPRegen 1.04/turn    (no ring)
MPRegen 0.08/turn

%: no passive effects
@: under a protective aura
A: yellow scales 1
a: no special abilities


You were on level 1 of the Dungeon.
You visited 1 branch of the dungeon, and saw 1 of its levels.

You collected 9 gold pieces.

Inventory:

Hand Weapons
 a - a +0 war axe of protection (weapon)
Armour
 b - a +0 scale mail (worn)
 c - a +0 buckler (worn)
Jewellery
 y - an amulet of regeneration (around neck)
   (You found it on level 1 of the Dungeon)
Scrolls
 R - a scroll of identify {@r1}
Potions
 d - a potion of might
 e - 2 potions of mutation
 f - a potion of brilliance {unknown}


   Skills:
 - Level 3.0 Fighting
 + Level 2.5 Axes
 - Level 2.6 Armour
 - Level 2.6 Shields


You had one spell level left.
You didn't know any spells.
Your spell library was empty.

Dungeon Overview and Level Annotations

Branches:
Dungeon (1/15)

Altars:


Innate Abilities, Weirdness & Mutations

You are partially covered in yellow scales. (AC +2)


Message History

You start putting on your amulet.
You continue putting on your amulet of regeneration. x5
You finish putting on your amulet of regeneration.
The amulet throbs as it attunes itself to your uninjured body.
y - an amulet of regeneration (around neck)
A kobold comes into view. It is wielding a +0 whip.
The kobold shouts!
A kobold is nearby!
A kobold is nearby!
A kobold is nearby!
A kobold is nearby!
A kobold is nearby!
A kobold is nearby!
The kobold hits you but does no damage.
A kobold is nearby!
You miss the kobold. You block the kobold's attack.
A kobold is nearby!
You hit the kobold.
You kill the kobold!
Things that are here:
a +0 whip; a kobold corpse Key pressed, stopping explore.
No target in view!
Key pressed, stopping explore.
No target in view!
Key pressed, stopping explore.
No target in view!
Key pressed, stopping explore.
No target in view!
No target in view!
No target in view!
No target in view!
Unknown command.
Key pressed, stopping explore.
Key pressed, stopping explore.
Key pressed, stopping explore.
An endoplasm comes into view.
The endoplasm quivers.
An endoplasm is nearby!
An endoplasm is nearby!
An endoplasm is nearby!
An endoplasm is nearby!
A rat comes into view.
Found 2 smoky inky potions.
There are monsters nearby!
You block the endoplasm's attack.
There are monsters nearby!
You slash the endoplasm!
You kill the endoplasm!
You barely miss the rat. The rat bites you.
A rat is nearby!
You hit the rat.
You kill the rat!
e - 2 smoky inky potions No target in view!
Key pressed, stopping explore.
No target in view!
You open the door.
There is an open door here.
Key pressed, stopping explore.
No target in view!
f - a scroll labelled AHAECR YBED No target in view!
There is an open door here.
Key pressed, stopping explore.
No target in view!
Found a stone staircase leading down.
No target in view!
No target in view!
There is an open door here.
Key pressed, stopping explore.
As you read the scroll labelled AHAECR YBED, it crumbles to dust.
It is a scroll of brand weapon.
Your +0 war axe projects an invisible shield of force!
a - a +0 war axe of protection (weapon)
f - a purple potion
g - a scroll labelled NUPLOVU XIQE As you open the door, it creaks loudly!
There is an open door here.
Key pressed, stopping explore.
g - 2 scrolls labelled NUPLOVU XIQE (gained 1) Key pressed, stopping explore.
Key pressed, stopping explore.
An endoplasm comes into view.
The endoplasm quivers.
As you read the scroll labelled NUPLOVU XIQE, it crumbles to dust.
It is a scroll of identify.
e - 2 potions of mutation;
R - a scroll of identify An endoplasm is nearby!
An endoplasm is nearby!
The endoplasm freezes you.
You are frozen.
An endoplasm is nearby!
You slash the endoplasm!
Your weapon exudes an aura of protection.
You kill the endoplasm!
You have reached level 2!
Your demonic ancestry asserts itself...
Yellow scales grow over part of your body.
Are you sure you want to abandon this character and quit the game? (Confirm with "yes".)

.... ....
.... ....
##+#
###########.#
#....@......#
#.#####.#.#.#
#.# #.#.# .#.
#.# #.#.# ...
#.# #.#.# .#
#.#.# #.#.#
#### #.#.#
#.#.# ..<#
#.#.#####.#.#
####
#.#.#.....#.#


There were no monsters in sight!

Vanquished Creatures
  2 endoplasms (D:1)
  3 kobolds (D:1)
  A frilled lizard (D:1)
  3 rats (D:1)
9 creatures vanquished.

Notes
Turn   | Place    | Note
-------+----------+-------------------------------------------
     0 | D:1      | Dani the Demonspawn Fighter began the quest for the Orb.
     0 | D:1      | Reached XP level 1. HP: 18/18 MP: 1/1
    39 | D:1      | Reached skill level 2 in Axes
   283 | D:1      | Gained mutation: You are partially covered in yellow
                  | scales. (AC +2) [demonic ancestry]
   283 | D:1      | Reached XP level 2. HP: 24/24 MP: 2/2
   283 | D:1      | Quit the game

Illustrated notes

Levels and vault maps discovered:
D:1:      lightli_arrival_flooded_house, layout_basic,
          shapermc_ecumenical_altar_starsandcircs

Skill      XL: |  1 |
---------------+----+-----
Axes           | 2 |  2.5
Fighting       | |  3.0
Armour         | |  2.6
Shields        | |  2.6

Action                     || total
---------------------------++-------
  Melee: War axe           ||    19
    Use: Scroll            ||     3
 Armour: Scale mail        ||     9
  Dodge: Dodged            ||     7
  Block: Buckler           ||     7

Levels and vault maps discovered:
D:1:      lightli_arrival_flooded_house, layout_basic,
          shapermc_ecumenical_altar_starsandcircs

Table legend: (Time is in decaauts)
 A = Elapsed time spent in this place.
 B = Non-inter-level travel time spent in this place.
 C = Inter-level travel time spent in this place.
 D = Time resting spent in this place.
 E = Time spent auto-exploring this place.
 F = Levels seen in this place.
 G = Mean time per level.
                   A        B        C        D        E       F      G
               +--------+--------+--------+--------+--------+-----+--------+
         Total |    292 |    292 |      0 |      0 |    230 |   1 |  292.0 |
       Dungeon |    292 |    292 |      0 |      0 |    230 |   1 |  292.0 |
               +--------+--------+--------+--------+--------+-----+--------+

Top non-repeatable levels by time:
     D:1: 292 daAuts

Table legend:
 A = Kills in this place as a percentage of kills in the entire game.
 B = Kills by you in this place as a percentage of kills by you in the entire game.
 C = Kills by friends in this place as a percentage of kills by friends in the entire game.
 D = Other kills in this place as a percentage of other kills in the entire game.
 E = Experience gained in this place as a percentage of experience gained in the entire game.
 F = Experience gained in this place divided by the number of levels of this place that you have seen.
                   A       B       C       D       E      F
               +-------+-------+-------+-------+-------+----------------------
         Total | 100.0 | 100.0 |   N/A |   N/A | 100.0 |  12.0
       Dungeon | 100.0 | 100.0 |   N/A |   N/A | 100.0 |  12.0
               +-------+-------+-------+-------+-------+----------------------
